 Dungeon Crawl Stone Soup version 0.25.1-2-g60ff931df9 (webtiles) character file.

Game seed: 4199592507663607674

839 raphialitos the Slasher (level 7, -12/61 HPs)
             Began as a Minotaur Fighter on Oct 22, 2020.
             Was an Initiate of Trog.
             Mangled by an ogre
             ... wielding a +0 giant club
              (29 damage)
             ... on level 6 of the Dungeon.
             The game lasted 00:07:17 (3843 turns).

raphialitos the Slasher (Minotaur Fighter)          Turns: 3843, Time: 00:07:18

Health: -12/61     AC: 10    Str: 23    XL:     7   Next: 67%
Magic:  6/6        EV: 11    Int:  5    God:    Trog [......]
Gold:   241        SH: 10    Dex:  9    Spells: 6/6 levels left

rFire    . . .     SeeInvis .   a - +0 long sword
rCold    . . .     Gourm    .   c - +0 kite shield
rNeg     . . .     Faith    .   k - +0 chain mail
rPois    .         Spirit   .   (helmet restricted)
rElec    .         Reflect  .   (no cloak)
rCorr    .         Harm     .   (no gloves)
MR       .....     Rnd*Tele +   (no boots)
Stlth    ..........             (no amulet)
HPRegen  0.20/turn              l - +4 ring of evasion
MPRegen  0.10/turn              j - ring of teleportation (curse)

@: no status effects
A: retaliatory headbutt, horns 2
a: Renounce Religion


You were on level 6 of the Dungeon.
You worshipped Trog.
Trog was noncommittal.
You were not hungry.

You visited 2 branches of the dungeon, and saw 7 of its levels.

You collected 241 gold pieces.

Inventory:

Hand Weapons
 a - a +0 long sword (weapon)
Missiles
 e - 83 sling bullets
 g - 5 poisoned darts
 m - 63 arrows
 p - a throwing net (quivered)
 s - 59 bolts
Armour
 b - a +0 scale mail
 c - a +0 kite shield (worn)
 k - a +0 chain mail (worn)
Jewellery
 j - a cursed ring of teleportation (right hand)
 l - a +4 ring of evasion (left hand)
Scrolls
 h - 2 scrolls of amnesia
 r - a scroll of teleportation
 t - a scroll of vulnerability {unknown}
 u - 4 scrolls of identify
Potions
 d - a potion of might
 i - 2 potions of lignification
 n - a potion of heal wounds
 q - a potion of stabbing
Comestibles
 f - 12 rations
 o - a chunk of flesh


   Skills:
 + Level 5.1 Fighting
 + Level 7.2 Long Blades
 + Level 6.1 Armour
 + Level 1.7 Dodging
 + Level 0.3 Stealth
 + Level 5.5 Shields


You had 6 spell levels left.
You didn't know any spells.
Your spell library contained the following spells:

 Spells                   Type           Power        Failure   Level  Hunger
 Animate Skeleton         Necr           N/A          100%        1    ##.....
 Beastly Appendage        Tmut           #.....       100%        1    ##.....
 Pain                     Necr           #...         100%        1    ##.....
 Sticks to Snakes         Tmut           #.......     100%        2    ###....
 Spider Form              Tmut/Pois      #.........   100%        3    ####...
 Vampiric Draining        Necr           #.........   100%        3    ####...
 Animate Dead             Necr           N/A          100%        4    #####..
 Ice Form                 Ice/Tmut       #.......     100%        4    #####..
 Agony                    Necr           #.......     100%        5    ######.
 Blade Hands              Tmut           #.........   100%        5    ######.


Dungeon Overview and Level Annotations

Branches:
Dungeon (7/15)             Temple (1/1) D:7

Altars:
Ashenzari
Dithmenos
Elyvilon
Fedhas
Gozag
Hepliaklqana
Kikubaaqudgha
Makhleb
Okawaru
Qazlal
Ru
Sif Muna
Trog
Vehumet
Wu Jian
Xom
Yredelemnul


Innate Abilities, Weirdness & Mutations

You reflexively headbutt those who attack you in melee.
You have a pair of horns on your head.


Message History

Your shield and chain mail prevent you from hitting the phantom.
The phantom is almost destroyed.
The phantom closely misses you.
You riposte.
You slash the phantom!
You destroy the phantom!
Trog accepts your kill.
Your Fighting skill increases to level 5!
Your Armour skill increases to level 6!
The orc warrior misses you.
You hit the orc.
The orc is moderately wounded.
You feel strangely unstable.
You are suddenly yanked towards a nearby monster!
Your surroundings suddenly seem different.
An ogre comes into view. It is wielding a +0 giant club.
The ogre shouts!
Found a ration.
Found a blossoming altar of Fedhas.
You hit the ogre.
The ogre is moderately wounded.
The ogre hits you with a +0 giant club!!
You die...

♣♣♣♣ ♣...♣♣
♣♣.....♣♣
♣♣.......♣
♣...._....
♣♣.........
♣.%........
♣@O.....♣
♣♣♣...♣♣♣
..♣ ..♣ ##


You could see an ogre.

Vanquished Creatures
  A spriggan (D:7)
  A phantom (D:6)
  A big kobold (D:7)
  A wyvern skeleton (D:7)
  A crimson imp (D:7)
  An orc priest (D:2)
  A bullfrog zombie (D:7)
  2 hounds (D:7)
  Natasha (twice) (D:2)
  A worker ant (D:7)
  3 orc wizards
  The ghost of Sobieck the Bolt Thrower, a weakling BaHu (D:3)
  7 adders
  A worm (D:2)
  4 dart slugs
  2 leopard geckos
  10 orcs
  A giant cockroach (D:3)
  9 goblins
  5 hobgoblins
  11 jackals
  3 quokkas
  3 ball pythons
  10 bats
  10 kobolds
  A quokka skeleton (D:4)
  8 rats
101 creatures vanquished.

Vanquished Creatures (others)
  A quokka (D:3)
1 creature vanquished.

Grand Total: 102 creatures vanquished

Notes
Turn   | Place    | Note
-------+----------+-------------------------------------------
     0 | D:1      | raphialitos the Minotaur Fighter began the quest for the
                  | Orb.
     0 | D:1      | Reached XP level 1. HP: 19/19 MP: 0/0
   295 | D:1      | Reached XP level 2. HP: 25/27 MP: 1/1
   909 | D:2      | Reached skill level 3 in Long Blades
   964 | D:2      | Reached XP level 3. HP: 33/33 MP: 2/2
  1305 | D:2      | Reached XP level 4. HP: 40/40 MP: 3/3
  1326 | D:2      | Noticed Natasha
  1334 | D:2      | Killed Natasha
  1334 | D:2      | Reached skill level 4 in Long Blades
  1521 | D:2      | Found a burning altar of Makhleb.
  1603 | D:2      | Noticed Natasha
  1609 | D:2      | Killed Natasha
  1609 | D:2      | Reached XP level 5. HP: 42/46 MP: 4/4
  1964 | D:2      | Reached skill level 5 in Long Blades
  2338 | D:3      | Found a runed translucent gate.
  2338 | D:3      | Found a runed translucent gate.
  2344 | D:3      | Found a runed translucent gate.
  2344 | D:3      | Noticed Sobieck's ghost (weakling BaHu)
  2415 | D:3      | Found a sacrificial altar of Ru.
  2615 | D:3      | Found a white marble altar of Elyvilon.
  2683 | D:3      | Reached XP level 6. HP: 53/53 MP: 5/5
  2778 | D:3      | Killed Sobieck's ghost
  2828 | D:4      | You fall into a shaft and drop 3 floors!
  2889 | D:7      | Found a staircase to the Ecumenical Temple.
  3016 | D:7      | Reached skill level 5 in Armour
  3016 | D:7      | Reached skill level 1 in Dodging
  3020 | D:7      | Reached skill level 6 in Long Blades
  3020 | D:7      | Reached skill level 5 in Shields
  3378 | D:7      | Noticed a spriggan baker
  3386 | D:7      | Killed a spriggan baker
  3386 | D:7      | Reached XP level 7. HP: 39/60 MP: 6/6
  3621 | D:7      | Found a hazy altar of Hepliaklqana.
  3661 | Temple   | Entered the Ecumenical Temple
  3719 | Temple   | Became a worshipper of Trog the Wrathful
  3835 | D:6      | Reached skill level 7 in Long Blades
  3839 | D:6      | Reached skill level 5 in Fighting
  3842 | D:6      | Found a blossoming altar of Fedhas.
  3843 | D:6      | Mangled by an ogre

Illustrated notes

Levels and vault maps discovered:
D:1:      wander_arrival_peaceful_grave, layout_basic
D:2:      layout_basic, marbit_many_paths, first_ration, uniq_natasha
D:3:      layout_basic, elyvilon_altar_4, lemuel_doored_altar,
          gammafunk_ghost_split
D:4:      layout_rooms, old_standard_altar
D:6:      layout_loops_corners, basic_altar, fedhas_altar_fruit_tree
D:7:      layout_rooms, kennysheep_mini_moat, minmay_temple_entry_mini_moons,
          the_bakery
Temple:   cyrus_circular_temple

Skill      XL: |  1  2  3  4  5  6  7 |
---------------+----------------------+-----
Fighting       | 4 5 |  5.1
Long Blades    | 3 4 5 6 7 |  7.2
Armour         | 4 5 6 |  6.1
Shields        | 4 5 |  5.5
Dodging        | 1 |  1.7
Stealth        | |  0.3

Action                   |  1- 3 |  4- 6 |  7- 9 || total
-------------------------+-------+-------+-------++-------
Melee: Long sword        |    81 |   132 |    37 ||   250
       Headbutt          |     8 |    22 |     4 ||    34
  Use: Scroll            |     2 |     5 |       ||     7
       Potion            |       |     1 |       ||     1
  Eat: Chunk             |     1 |     7 |     2 ||    10
Armor: Scale mail        |     8 |       |       ||     8
       Chain mail        |    49 |    78 |    15 ||   142
Dodge: Dodged            |    39 |    77 |    15 ||   131
Block: Kite shield       |    51 |    84 |    24 ||   159
       Rpst.: Long sword |    12 |    15 |     7 ||    34
